Map: Acolyte LE

Players

TWillG - Winner!

  • Race: Protoss Protoss
  • League: Platinum
  • Spawn Location: 7:00

Everyone

  • Race: Zerg Zerg
  • Spawn Location: 1:00

VOD

Have the link to the VOD?

Description

Time

  • Played on: Nov. 11, 2017, 1:53 a.m.
  • Length: 11:28
Show
View Real Time Build Order
Export as new Build Order

TWillG Protoss - Winner!

Build Orders: Cannon Rush 

Get SALT Encoding   

  12  0:01  Probe (Chrono Boost)  
  13  0:16  Pylon  
  13  0:24  Probe (Chrono Boost)  
  14  0:35  Probe (Chrono Boost)  
  15  0:36  Forge  
  15  0:53  Pylon  
  15  1:15  Photon Cannon  
  15  1:16  Photon Cannon  
  15  1:20  Photon Cannon  
  15  1:28  Pylon  
  15  1:48  Photon Cannon  
  14  2:21  Probe (Chrono Boost)  
  15  2:32  Probe (Chrono Boost)  
  16  2:42  Probe (Chrono Boost)  
  17  2:46  Photon Cannon  
  17  2:48  Photon Cannon  
  16  3:10  Nexus  
  16  3:23  Nexus  
  16  3:35  Probe (Chrono Boost)  
  16  3:38  Assimilator  
  17  3:42  Assimilator  
  17  3:44  Gateway  
  17  3:47  Probe (Chrono Boost)  
  18  3:57  Probe (Chrono Boost)  
  19  4:10  Pylon  
  19  4:11  Probe (Chrono Boost)  
  20  4:22  Probe (Chrono Boost)  
  20  4:23  Probe (Chrono Boost)  
  22  4:33  Cybernetics Core, Probe x2 (Chrono Boost)  
  24  4:42  Photon Cannon  
  24  4:43  Probe (Chrono Boost)  
  24  4:44  Probe (Chrono Boost)  
  26  4:46  Probe (Chrono Boost)  
  27  4:54  Probe (Chrono Boost)  
  27  4:55  Probe (Chrono Boost)  
  27  4:57  Probe (Chrono Boost)  
  30  5:04  Probe (Chrono Boost)  
  30  5:05  Probe (Chrono Boost)  
  32  5:07  Probe (Chrono Boost)  
  33  5:17  Stargate  
  33  5:20  Stargate  
  33  5:26  Probe x3 (Chrono Boost)  
  36  5:36  Probe (Chrono Boost)  
  36  5:37  Probe x2 (Chrono Boost)  
  39  5:47  Probe (Chrono Boost)  
  39  5:48  Probe x2 (Chrono Boost)  
  42  5:53  Pylon  
  42  5:57  Probe (Chrono Boost), Assimilator  
  42  5:58  Probe x2 (Chrono Boost)  
  42  6:00  Assimilator  
  45  6:04  Fleet Beacon  
  45  6:08  Probe (Chrono Boost)  
  45  6:09  Probe x2 (Chrono Boost)  
  48  6:17  Photon Cannon  
  43  6:39  Carrier (Chrono Boost)  
  43  6:40  Pylon  
  43  6:43  Photon Cannon  
  43  6:46  Photon Cannon  
  43  6:49  Carrier (Chrono Boost)  
  55  6:59  Photon Cannon  
  54  7:02  Pylon  
  54  7:05  Pylon  
  54  7:09  Graviton Catapult (Chrono Boost)  
  54  7:23  Protoss Air Weapons Level 1 (Chrono Boost)  
  54  7:25  Photon Cannon  
  54  7:27  Photon Cannon  
  54  8:04  Carrier (Chrono Boost)  
  60  8:12  Carrier (Chrono Boost)  
  66  8:35  Nexus  
  66  8:38  Pylon  
  66  8:42  Pylon  
  66  8:44  Pylon  
  66  8:47  Assimilator  
  66  8:50  Stargate  
  66  8:51  Assimilator  
  66  8:53  Photon Cannon x2  
  66  8:56  Photon Cannon  
  66  9:09  Protoss Air Weapons Level 2  
  66  9:50  Carrier x2 (Chrono Boost)  
  84  10:01  Carrier (Chrono Boost)  
  84  10:03  Probe  
  84  10:04  Probe x2  
  87  10:13  Probe  
  87  10:16  Probe x2  
  90  10:24  Probe  
  92  10:28  Probe x2  
  92  10:34  Probe  
  92  10:40  Probe x2  
  94  10:45  Probe  
  93  10:52  Probe  
  93  10:53  Probe  
  93  10:56  Photon Cannon x2  
  95  10:58  Photon Cannon  
Show
View Real Time Build Order
Export as new Build Order

Everyone Zerg 

Build Orders: Pool First 

Get SALT Encoding   

  12  0:01  Drone  
  13  0:08  Drone  
  14  0:25  Overlord  
  14  0:32  Extractor  
  14  0:34  Drone  
  15  0:43  Drone  
  15  0:44  Drone  
  17  0:52  Drone  
  17  0:53  Spawning Pool  
  17  0:58  Drone  
  18  1:09  Drone  
  19  1:21  Overlord  
  19  1:27  Extractor  
  18  1:39  Zergling x2  
  19  1:54  Zergling x4  
  20  2:04  Zergling x2  
  21  2:10  Queen  
  23  2:21  Zergling x2  
  24  2:22  Roach Warren  
  23  2:32  Zergling x2  
  25  2:37  Zergling x2  
  21  3:01  Zergling x2  
  21  3:02  Zergling x2  
  22  3:08  Zergling x2  
  23  3:19  Zergling x2  
  24  3:33  Roach  
  26  3:37  Roach x2  
  26  3:40  Overlord  
  30  3:49  Lair  
  30  4:07  Roach  
  30  4:08  Zergling x10  
  37  4:14  Extractor  
  36  4:19  Drone  
  37  4:32  Overlord  
  29  5:04  Drone x3  
  32  5:13  Drone x3  
  35  5:27  Queen  
  37  5:28  Metabolic Boost  
  37  5:52  Hatchery  
  36  6:00  Hatchery  
  35  6:18  Hatchery  
  34  6:49  Drone  
  34  6:50  Drone x4  
  39  6:59  Queen  
  41  7:10  Queen  
  41  7:11  Drone  
  44  7:24  Queen  
  46  7:32  Drone x2  
  46  7:35  Queen  
  47  7:55  Zergling x2  
  47  7:56  Zergling x14  
  55  8:07  Spire  
  54  8:24  Roach x4  
  54  8:25  Roach  
  64  8:38  Overlord x4  
  64  8:39  Extractor  
  63  8:41  Extractor  
  62  9:21  Mutalisk  
  62  9:22  Mutalisk x5  
  72  9:39  Queen  
  72  9:42  Queen  
  72  9:44  Queen  
  60  10:15  Spore Crawler  
  60  10:16  Spore Crawler  
  60  10:17  Queen, Spore Crawler  
  60  10:23  Spore Crawler  
Tags
 
Add a new tag
Caveats
  • Supply blocks, unpowered buildings, or Contaminate may cause inaccurate times.
  • Supply counts are checked every 10 seconds.